 Dungeon Crawl Stone Soup version 0.25-a0-645-gb4487340cb (webtiles) character file.

Game seed: 17086957180494637261, levelgen mode: deterministic

49 CryoSword the Digger (level 3, -3/20 HPs)
             Began as a Gargoyle Earth Elementalist on Mar 21, 2020.
             Was an Initiate of Dithmenos.
             Slain by Sigmund
             ... wielding a +0 scythe
              (6 damage)
             ... on level 2 of the Dungeon.
             The game lasted 00:05:05 (1835 turns).

CryoSword the Digger (Gargoyle Earth Elementalist)  Turns: 1835, Time: 00:05:06

Health: -3/20      AC:  9    Str: 11    XL:     3   Next: 77%
Magic:  6/6        EV: 10    Int: 16    God:    Dithmenos [......]
Gold:   101        SH:  0    Dex: 10    Spells: 5/6 levels left

rFire    . . .     SeeInvis .   h - +0 short sword
rCold    . . .     Gourm    .   (no shield)
rNeg     + . .     Faith    .   f - +0 ring mail
rPois    ∞         Spirit   .   (no helmet)
rElec    +         Reflect  .   c - +0 cloak
rCorr    .         Harm     .   (no gloves)
MR       .....                  (no boots)
Stlth    +.........             (no amulet)
HPRegen  0.06/turn              (no ring)
MPRegen  0.10/turn              (no ring)

@: no status effects
A: negative energy resistance 1, electricity resistance, unbreathing,
petrification resistance, rot immunity, AC +3
a: Renounce Religion


You were on level 2 of the Dungeon.
You worshipped Dithmenos.
Dithmenos was noncommittal.
You were not hungry.

You visited 1 branch of the dungeon, and saw 2 of its levels.

You collected 101 gold pieces.

Inventory:

Hand Weapons
 h - a +0 short sword (weapon)
   (You took it off a kobold on level 1 of the Dungeon)
Missiles
 b - 63 stones (quivered)
Armour
 c - a +0 cloak (worn)
   (You found it on level 1 of the Dungeon)
 f - a +0 ring mail (worn)
   (You found it on level 1 of the Dungeon)
Scrolls
 a - a scroll of enchant weapon {unknown}
 i - a scroll of identify {@r1}
Potions
 e - 2 potions of stabbing
Comestibles
 d - 3 rations {!d}
 g - 4 chunks of flesh


   Skills:
 + Level 1.4 Fighting
 - Level 1.5 Dodging
 + Level 2.8 Stealth
 + Level 2.4 Spellcasting
   Level 0.7 Transmutations
 * Level 4.5 Earth Magic


You had 5 spell levels left.
You knew the following spells:

 Your Spells              Type           Power        Failure   Level  Hunger
a - Sandblast             Erth           ###...       8%          1    #......

Your spell library contained the following spells:

 Spells                   Type           Power        Failure   Level  Hunger
 Passwall                 Tmut/Erth      ##......     26%         2    ###....
 Stone Arrow              Conj/Erth      #.....       50%         3    ###....
 Petrify                  Tmut/Erth      ##......     86%         4    #####..
 Lee's Rapid Deconstruct  Erth           ###.......   91%         5    ######.


Dungeon Overview and Level Annotations

Branches:
Dungeon (2/15)

Altars:
Dithmenos

Annotations:
D:2 Sigmund


Innate Abilities, Weirdness & Mutations

You are resistant to torment.
Your stone body is resilient. (AC +3)
You are immune to poison.
You resist negative energy. (rN+)
You are resistant to electric shocks. (rElec)
You can survive without breathing.
You are immune to petrification.
You are immune to rotting.


Message History

The blast of sand hits the adder!
You kill the adder!
b - 64 stones
Casting: Sandblast (safe; 9% risk of failure)
Confirm with . or Enter, or press ? or * to list all spells.
Aiming: Sandblast (safe; 9% risk of failure)
Press: ? - help, Shift-Dir - straight line, f - adder
Aim: an adder The blast of sand hits the adder.
The adder is moderately wounded.
b - 63 stones
Casting: Sandblast (safe; 9% risk of failure)
Confirm with . or Enter, or press ? or * to list all spells.
Aiming: Sandblast (safe; 9% risk of failure)
Press: ? - help, Shift-Dir - straight line, f/p - adder
Aim: an adder (moderately wounded)
You miscast Sandblast.
You are very lightly contaminated with residual magic.
Motes of dust swirl before your eyes. The adder bites you.
The adder bites you but does no damage.
Casting: Sandblast (safe; 9% risk of failure)
Confirm with . or Enter, or press ? or * to list all spells.
Aiming: Sandblast (safe; 9% risk of failure)
Press: ? - help, Shift-Dir - straight line, f/p - adder
Aim: an adder (moderately wounded)
The blast of sand hits the adder!
You kill the adder!
b - 62 stones You see here an adder corpse.
You butcher the adder corpse.
g - 2 chunks of flesh You see here an adder skeleton.
You start resting.
Eating one of 2 chunks of flesh.
You eat one of the 2 chunks of flesh.
This raw flesh tastes terrible.
Your magical contamination has completely faded away.
You start resting.
HP restored.
You start resting.
Magic restored.
There is a stone staircase leading down here.
A goblin comes into view. It is wielding a +0 club.
Found a shadowy altar of Dithmenos.
A frilled lizard and a goblin come into view.
The goblin shouts!
The frilled lizard hisses angrily.
The goblin shouts!
Casting: Sandblast (safe; 8% risk of failure)
Confirm with . or Enter, or press ? or * to list all spells.
Aiming: Sandblast (safe; 8% risk of failure)
Press: ? - help, Shift-Dir - straight line, f - goblin
Aim: a goblin, wielding a +0 club
Okay, then.
You barely miss the goblin. The goblin completely misses you.
You hit the goblin.
The goblin is moderately wounded.
The goblin hits you but does no damage.
You barely miss the goblin.
The goblin is moderately wounded.
The goblin hits you but does no damage.
You miss the goblin.
The goblin is moderately wounded.
The goblin closely misses you.
Your ring mail prevents you from hitting the goblin.
The goblin is moderately wounded.
The goblin barely misses you.
You barely miss the goblin.
The goblin is moderately wounded.
The goblin hits you but does no damage.
You barely miss the goblin.
The goblin is moderately wounded.
The goblin hits you but does no damage.
You hit the goblin.
You kill the goblin!
You hit the goblin.
You kill the goblin!
You miss the frilled lizard.
The frilled lizard bites you but does no damage.
You hit the frilled lizard.
You kill the frilled lizard!
Items here: )) †† a +0 dagger; a +0 club; a frilled lizard corpse; a goblin corpse
Items here: )) †† a +0 dagger; a +0 club; a frilled lizard corpse; a goblin corpse You butcher the frilled lizard corpse.
g - 2 chunks of flesh (gained 1)
Items here: )) ÷ † a +0 dagger; a +0 club; a frilled lizard skeleton; a goblin corpse You butcher the goblin corpse.
g - 4 chunks of flesh (gained 2)
Items here: )) ÷÷ a +0 dagger; a +0 club; a frilled lizard skeleton; a goblin skeleton
There is a shadowy altar of Dithmenos here.
You kneel at the altar of Dithmenos.
Dithmenos welcomes you!
i - a scroll labeled YNAWOM YMIU
i - 2 scrolls labeled YNAWOM YMIU (gained 1)
You now have 78 gold pieces (gained 11).
d - 3 rations {!d} (gained 1)
You now have 89 gold pieces (gained 11).
A kobold comes into view. It is wielding a +0 short sword.
The kobold shouts!
The kobold unwields a +0 short sword.
The kobold wields a +2 hunting sling of flaming.
It bursts into flame!
The kobold shoots a stone.
The stone misses you.
You hit the kobold.
You kill the kobold!
Dithmenos accepts your kill.
No target in view!
No target in view!
You now have 101 gold pieces (gained 12).
Things that are here:
a +2 hunting sling of flaming; a +0 short sword
b - 63 stones (gained 1)
Things that are here:
a +2 hunting sling of flaming; a +0 short sword Sigmund the Dreaded comes into view.
He is wielding a +0 scythe.
Sigmund shouts!
Things that are here:
a +2 hunting sling of flaming; a +0 short sword
Okay, then.
As you read the scroll labeled YNAWOM YMIU, it crumbles to dust.
It is a scroll of identify.
e - 2 potions of stabbing
Okay, then.
Things that are here:
a +2 hunting sling of flaming; a +0 short sword A giant cockroach comes into view.
Sigmund hits you with a +0 scythe!
Things that are here:
a +2 hunting sling of flaming; a +0 short sword You barely miss Sigmund.
You barely miss Sigmund. Sigmund hits you but does no damage.
You closely miss Sigmund. Sigmund hits you but does no damage.
You barely miss Sigmund. Sigmund closely misses you.
You hit Sigmund.
Sigmund is lightly wounded.
You closely miss Sigmund.
Sigmund is lightly wounded.
Sigmund hits you with a +0 scythe!
* * * LOW HITPOINT WARNING * * *
You closely miss Sigmund.
Sigmund is lightly wounded.
Sigmund barely misses you.
You closely miss Sigmund.
Sigmund is lightly wounded.
Sigmund barely misses you.
You closely miss Sigmund.
Sigmund is lightly wounded.
You hit Sigmund.
Sigmund is lightly wounded.
Sigmund hits you with a +0 scythe.
You die...

#.# ##..## #.#
##...## # #.#
##.###.##.# ###
###########.###.##
##.#.#...#
#...............#
#........
#.#############.##
##.......# #.#
##.###...###...
#.# ####....### ##
#.# #.@.....# #.#
#@####.## #.# #.#
#.# #.# #.# #.#
#.# #.# #.. #.#
#.#####.### ##.#
#.......... ...##
######..### ##..#
#


You could see Sigmund.

Vanquished Creatures
  2 adders (D:2)
  2 dart slugs (D:1)
  2 giant cockroaches (D:1)
  6 goblins
  3 hobgoblins (D:1)
  A ball python (D:1)
  4 bats (D:1)
  2 frilled lizards
  3 kobolds
  4 rats (D:1)
29 creatures vanquished.

Notes
Turn   | Place    | Note
-------+----------+-------------------------------------------
     0 | D:1      | CryoSword the Gargoyle Earth Elementalist began the quest
                  | for the Orb.
     0 | D:1      | Reached XP level 1. HP: 10/10 MP: 3/3
   128 | D:1      | Reached XP level 2. HP: 16/16 MP: 5/5
   315 | D:1      | Reached skill level 4 in Earth Magic
   880 | D:1      | Reached skill level 1 in Fighting
  1096 | D:1      | Reached XP level 3. HP: 18/20 MP: 6/6
  1684 | D:2      | Found a shadowy altar of Dithmenos.
  1713 | D:2      | Became a worshipper of Dithmenos the Shadowed
  1812 | D:2      | Noticed Sigmund
  1835 | D:2      | Slain by Sigmund

Levels and vault maps discovered:
D:1:      wheals_arrival_linesprint, layout_loops_corners
D:2:      layout_loops_ring, zin_scriptorium, lemuel_round_altar,
          fedhas_altar_4, uniq_sigmund

Skill      XL: |  1  2 |
---------------+-------+-----
Earth Magic    | 4 |  4.5
Fighting       | 1 |  1.4
Dodging        | |  1.5
Stealth        | |  2.8
Spellcasting   | |  2.4
Transmutations | |  0.7

Action                   || total
-------------------------++-------
Melee: Club              ||    53
       Dagger            ||    31
       Short sword       ||    24
 Cast: Sandblast         ||    18
  Use: Scroll            ||     1
 Stab: Sleeping          ||     4
  Eat: Chunk             ||     3
Armor: Robe              ||    44
       Ring mail         ||     6
Dodge: Dodged            ||    66

Table legend:
 A = Non-vault XP
 B = Vault XP
 C = Vault XP percentage of total XP
 D = Non-vault monster count
 E = Vault monster count
 F = Vault count percentage of total count
                 A         B        C        D         E       F
            +---------+---------+-------+---------+---------+-------
      Total |      71 |       0 |   0.0 |      29 |       0 |   0.0
            +---------+---------+-------+---------+---------+-------
        D:1 |      39 |       0 |   0.0 |      23 |       0 |   0.0
        D:2 |      32 |       0 |   0.0 |       6 |       0 |   0.0
            +---------+---------+-------+---------+---------+-------
